 Dungeon Crawl Stone Soup version 0.18.1-8-gdd0e5ea (webtiles) character file.

4034 shmeve the Cleaver (level 10, 0/136 HPs)
             Began as a Minotaur Berserker on May 24, 2016.
             Was a High Priest of Trog.
             Slain by a crocodile (5 damage)
             ... on level 1 of the Lair of Beasts.
             The game lasted 00:16:23 (6608 turns).

shmeve the Cleaver (Minotaur Berserker)             Turns: 6608, Time: 00:16:23

Health: 0/136      AC: 22    Str: 29    XL:     10   Next: 4%
Magic:  9/9        EV:  6    Int:  4    God:    Trog [*****.]
Gold:   514        SH: 18    Dex: 11    Spells: 0 memorised, 9 levels left

rFire  . . .     SeeInvis .     a - +0 hand axe
rCold  . . .     Gourm    .     r - +3 plate armour
rNeg   + . .     Faith    .     y - +0 large shield
rPois  +         Spirit   .     (helmet restricted)
rElec  .         Dismiss  .     G - +1 cloak {rPois}
rCorr  .         Reflect  .     j - +0 pair of gloves
SustAt .         Harm     .     s - +2 pair of boots
MR     ++...                    (no amulet)
Stlth  ..........               (no ring)
                                m - ring of positive energy

@: berserking, lethally poisoned (0 -> -5), regenerating, very quick, very
resistant to hostile enchantments, extremely unstealthy
A: retaliatory headbutt, horns 2
a: Berserk, Trog's Hand, Brothers in Arms, Burn Spellbooks, Renounce Religion


You were on level 1 of the Lair of Beasts.
You worshipped Trog.
Trog was extremely pleased with you.
You were not hungry.

You visited 2 branches of the dungeon, and saw 9 of its levels.

You collected 514 gold pieces.

Inventory:

Hand Weapons
 a - a +0 hand axe (weapon)
Armour
 j - a +0 pair of gloves (worn)
 r - a +3 plate armour (worn)
 s - a +2 pair of boots (worn)
 y - a +0 large shield (worn)
 G - a +1 cloak of poison resistance (worn)
Jewellery
 m - a ring of positive energy (left hand)
 N - an uncursed ring of protection from magic {unknown}
Wands
 w - a wand of teleportation (6/9)
 x - a wand of teleportation (6/9)
Scrolls
 b - a scroll of random uselessness {unknown}
 e - 4 scrolls of remove curse
 f - 5 scrolls of teleportation {unknown}
 i - 2 scrolls of fear {unknown}
 k - 2 scrolls of recharging {unknown}
 n - 3 scrolls of enchant weapon {unknown}
 p - a scroll of enchant armour {unknown}
 q - a scroll of immolation {unknown}
 u - 3 scrolls of magic mapping {unknown}
 C - a scroll of identify {unknown}
 E - a scroll of noise {unknown}
 K - a scroll of amnesia {unknown}
 M - 2 scrolls of blinking {unknown}
Potions
 g - 3 potions of curing {unknown}
 l - 2 potions of flight {unknown}
 o - 5 potions of brilliance {unknown}
 t - a potion of mutation {unknown}
 v - a potion of invisibility
 A - 2 potions of beneficial mutation {unknown}
 D - a potion of lignification {unknown}
 F - 2 potions of berserk rage {unknown}
 I - a potion of haste {unknown}
 L - a potion of degeneration {unknown}
 O - a potion of agility {unknown}
 P - 3 potions of magic {unknown}
Comestibles
 c - 5 bread rations
 d - 3 slices of pizza
 z - a beef jerky
 B - 2 royal jellies
 H - 4 meat rations


   Skills:
 * Level 9.4 Fighting
 * Level 9.5 Axes
 + Level 6.1 Armour
 + Level 5.6 Dodging
 * Level 9.1 Shields


You had 9 spell levels left.
You didn't know any spells.

Dungeon Overview and Level Annotations

Branches:
Dungeon (8/15)             Temple (0/1) D:7            Lair (1/8) D:8

Altars:
Cheibriados
Gozag
Ru
Trog


Innate Abilities, Weirdness & Mutations

You reflexively headbutt those who attack you in melee.
You have a pair of horns on your head.


Message History

You feel sick. You block the black mamba's attack.
You block the crocodile's attack. The komodo dragon bites you!!
* * * LOW HITPOINT WARNING * * *
You hit the komodo dragon.
The komodo dragon is moderately wounded.
You hit the crocodile.
The crocodile is moderately wounded.
You miss the black mamba.
The black mamba is heavily wounded.
* * * LOW HITPOINT WARNING * * *
You feel sick. You block the black mamba's attack.
You hit the komodo dragon. Your headbutt misses the komodo dragon.
The komodo dragon is heavily wounded.
You hit the crocodile.
The crocodile is moderately wounded.
You slash the black mamba!
The black mamba is severely wounded.
* * * LOW HITPOINT WARNING * * *
You feel sick. You block the black mamba's attack. The crocodile bites you.
You die...

#.#............
................
..................
#...............#
#...(...........#
#...............#
##....Sl........#
#.....@t.......#
##.............#
#.....[....<.#
#.............#
#......##.....#
#..........#P###
P..........###
....####.#.. ###
#####


You could see a komodo dragon, a black mamba and a crocodile.

Vanquished Creatures
  The ghost of SRanger the Skirmisher, a novice DsAK of Lugonu (D:5)
  The ghost of Talea the Shooter, an amateur CeAM of Nemelex Xobeh (D:4)
  Sigmund (D:4)
  Menkaure (D:5)
  2 hell hounds (D:8)
  2 phantoms
  4 orc warriors
  3 ogres
  A sky beast (D:8)
  5 centaurs
  2 giant frogs
  A scorpion (D:7)
  A water moccasin skeleton (D:5)
  3 killer bees (D:8)
  A centaur zombie (D:5)
  4 crimson imps
  2 quasits
  5 orc priests
  Crazy Yiuf (D:6)
  4 hounds
  2 jellies
  4 orc wizards
  A gnoll shaman (D:4)
  2 iguanas
  9 worker ants
  2 hound skeletons (D:5)
  A howler monkey zombie (D:7)
  A worker ant zombie (D:5)
  7 adders
  12 gnolls
  A river rat (D:6)
  A shadow imp (D:5)
  2 oozes
  A worm (D:6)
  4 dart slugs
  8 giant geckos
  23 orcs
  6 bats
  10 giant cockroaches
  6 goblins
  5 hobgoblins
  12 jackals
  5 kobolds
  4 quokkas
  A ball python (D:3)
  A ball python skeleton (D:4)
  5 giant newts
  A jackal zombie (D:6)
  A quokka skeleton (D:3)
  3 rats
186 creatures vanquished.

Notes
Turn   | Place    | Note
--------------------------------------------------------------
     0 | D:1      | shmeve the Minotaur Berserker began the quest for the Orb.
     0 | D:1      | Reached XP level 1. HP: 19/19 MP: 0/0
   232 | D:1      | Reached XP level 2. HP: 27/27 MP: 1/1
   842 | D:2      | Reached XP level 3. HP: 30/34 MP: 2/2
   904 | D:2      | Found a sacrificial altar of Ru.
   908 | D:2      | Reached ** piety under Trog
  1131 | D:2      | Found a snail-covered altar of Cheibriados.
  1133 | D:2      | Found an opulent altar of Gozag.
  1655 | D:3      | Reached XP level 4. HP: 36/41 MP: 3/3
  2120 | D:4      | Noticed Sigmund
  2146 | D:4      | Killed Sigmund
  2146 | D:4      | Reached skill level 5 in Fighting
  2146 | D:4      | Reached skill level 5 in Axes
  2146 | D:4      | Reached XP level 5. HP: 36/49 MP: 4/4
  2219 | D:4      | Reached XP level 6. HP: 52/57 MP: 5/5
  2356 | D:4      | Noticed Talea's ghost (amateur CeAM)
  2367 | D:4      | Killed Talea's ghost
  2367 | D:4      | Reached XP level 7. HP: 64/64 MP: 6/6
  2409 | D:4      | Reached skill level 1 in Shields
  2752 | D:5      | Entered Level 5 of the Dungeon
  2832 | D:5      | Noticed Menkaure
  2843 | D:5      | Killed Menkaure
  2843 | D:5      | Reached *** piety under Trog
  3056 | D:5      | Reached skill level 5 in Shields
  3298 | D:5      | Reached XP level 8. HP: 37/71 MP: 7/7
  3476 | D:5      | Noticed SRanger's ghost (novice DsAK)
  3500 | D:5      | Killed SRanger's ghost
  4113 | D:6      | Noticed Crazy Yiuf
  4117 | D:6      | Killed Crazy Yiuf
  4117 | D:6      | Reached skill level 5 in Armour
  4808 | D:6      | Reached XP level 9. HP: 81/81 MP: 8/8
  4889 | D:6      | Reached **** piety under Trog
  5243 | D:7      | Found a staircase to the Ecumenical Temple.
  5380 | D:7      | Reached skill level 5 in Dodging
  5406 | D:7      | Found a bloodstained altar of Trog.
  5422 | D:7      | Found a sacrificial altar of Ru.
  5675 | D:8      | Found a staircase to the Lair.
  5764 | D:8      | Reached ***** piety under Trog
  6225 | D:8      | Got a twisted hand axe
  6226 | D:8      | Identified the cursed +1 hand axe "Ijeusemn" {flame, rC- rN+ Str+2 SInv} (You found it on level 8 of the Dungeon)
  6471 | D:8      | Reached XP level 10. HP: 91/91 MP: 9/9
  6581 | Lair:1   | Entered Level 1 of the Lair of Beasts
  6590 | Lair:1   | Noticed a black mamba
  6607 | Lair:1   | HP: 5/136 [poisoned by a black mamba]
  6608 | Lair:1   | Slain by a crocodile

Skill      XL: |  1  2  3  4  5  6  7  8  9 |
---------------+----------------------------+-----
Fighting       | 4 5 6 7 9 |  9.4
Axes           | 4 5 6 7 9 |  9.5
Armour         | 3 4 5 6 |  6.1
Dodging        | 3 4 5 |  5.6
Shields        | 6 7 9 |  9.1

Action                   |  1- 3 |  4- 6 |  7- 9 | 10-12 || total
-------------------------+-------+-------+-------+-------++-------
Melee: Hand axe          |    81 |    69 |   529 |    39 ||   718
       Headbutt          |    14 |    12 |   111 |     6 ||   143
Invok: Berserk           |       |     2 |     3 |     1 ||     6
       Trog's Hand       |       |       |     1 |     1 ||     2
       Burn Spellbooks   |       |       |     1 |       ||     1
  Use: Scroll            |       |       |     1 |       ||     1
  Eat: Chunk             |     2 |     3 |    16 |     1 ||    22
       Fruit             |       |     1 |     2 |       ||     3
Armor: Animal skin       |    18 |       |       |       ||    18
       Plate armour      |       |    44 |   240 |    32 ||   316
Dodge: Dodged            |    60 |    21 |    66 |    15 ||   162
Block: Large shield      |       |       |   395 |    51 ||   446
